 Dungeon Crawl Stone Soup version 0.17.2-1-ge4368a0 (webtiles) character file.

200 Goblin1989 the Poker (level 5, -1/38 HPs)
             Began as a Demonspawn Skald on Dec 30, 2016.
             Slain by Menkaure (4 damage)
             ... on level 5 of the Dungeon.
             The game lasted 00:19:43 (3170 turns).

Goblin1989 the Poker (Demonspawn Skald)             Turns: 3170, Time: 00:19:44

Health: -1/38      AC:  9    Str: 12      XL:     5   Next: 49%
Magic:  8/8        EV:  3    Int: 20      God:
Gold:   149        SH: 13    Dex: 11 (12) Spells: 2 memorised, 5 levels left

rFire  . . .     SeeInvis .     a - +1 spear
rCold  . . .     Clarity  .     t - +0 scale mail
rNeg   . . .     SustAt   .     m - +3 large shield
rPois  .         Gourm    .     (no helmet)
rElec  .         Spirit   .     k - +1 cloak
rCorr  .         Warding  .     r - +0 pair of gloves
rMut   .         Stasis   .     (no boots)
MR     .....                    (no amulet)
Stlth  +.........               (no ring)
                                x - ring of stealth

@: brilliant, very slightly contaminated, not resistant to hostile enchantments,
very unstealthy
A: powered by death 2
a: no special abilities


You were on level 5 of the Dungeon.
You were not hungry.

You visited 1 branch of the dungeon, and saw 5 of its levels.
You also visited: Sewer.

You collected 149 gold pieces.

Inventory:

Hand Weapons
 a - a +1 spear (weapon)
Armour
 k - a +1 cloak (worn)
 m - a +3 large shield (worn)
 r - a +0 pair of gloves (worn)
 t - a +0 scale mail (worn)
Jewellery
 b - a ring of fire
 x - a ring of stealth (left hand)
Wands
 i - a wand of magic darts (25)
Scrolls
 e - 4 scrolls of enchant armour
 j - a scroll of fear
 l - a scroll of immolation {unknown}
 p - a scroll of recharging {unknown}
 q - a scroll of remove curse {@r2}
 s - a scroll of fog {unknown}
Potions
 n - a potion of brilliance
Books
 c - a book of Battle

   Spells                             Type                      Level
   a - Infusion                       Charms                       1
   b - Shroud of Golubria             Charms/Translocation         2
   c - Song of Slaying                Charms                       2
   d - Spectral Weapon                Hexes/Charms                 3
   e - Regeneration                   Charms/Necromancy            3
Comestibles
 d - 6 bread rations {@e1}
 f - a slice of pizza


   Skills:
 + Level 2.0 Fighting
 * Level 5.2 Polearms
 + Level 1.0 Armour
 - Level 0.8 Dodging
 + Level 0.0 Shields
 - Level 2.0 Spellcasting
 - Level 2.6 Charms


You had 5 spell levels left.
You knew the following spells:

 Your Spells              Type           Power        Failure   Level  Hunger
a - Infusion              Chrm           ###...       80%         1    #......
y - Song of Slaying       Chrm           ###.....     88%         2    ##.....


Dungeon Overview and Level Annotations

Branches:
Dungeon (5/15)
 Temple: D:4-7

Altars:
Dithmenos
Nemelex Xobeh

Annotations:
D:2 Terence
D:5 Edmund, Menkaure


Innate Abilities, Weirdness & Mutations

You regenerate health from kills.


Message History

You take 3 damage, and have 4/38 hp.
You hit Menkaure.
Menkaure is severely damaged.
Menkaure calls on the powers of darkness!
Your body is wracked with pain!
* * * LOW HITPOINT WARNING * * *
Edmund convulses!
You take 1 damage, and have 3/38 hp.
You hit Menkaure but do no damage.
Menkaure is severely damaged.
You block Menkaure's attack.
Unknown command.
You hit Menkaure but do no damage.
Menkaure is severely damaged.
You block Menkaure's attack.
Unknown command.
You hit Menkaure but do no damage.
Menkaure is severely damaged.
Menkaure hits you.
You die... █████████ █.......█ ████████.█████.█ █<.†.....█ █.█ ██████████

█.█ .. █.█
███.████.█
█...@M@..█
█.█.██████
█


You could see Edmund and Menkaure.

Vanquished Creatures
  Jessica (D:2)
  A river rat (D:3)
  A shadow imp (D:4)
  7 adders
  2 oozes
  An adder zombie (D:1)
  5 worms
  4 giant geckos
  2 orcs (D:3)
  6 giant cockroaches
  4 hobgoblins
  2 jackals (D:2)
  A quokka (D:3)
  2 ball pythons
  8 bats
  A giant cockroach zombie (D:1)
  4 giant newts
  6 goblins
  7 kobolds
  7 rats
72 creatures vanquished.

Notes
Turn   | Place    | Note
--------------------------------------------------------------
     0 | D:1      | Goblin1989 the Demonspawn Skald began the quest for the Orb.
     0 | D:1      | Reached XP level 1. HP: 16/16 MP: 3/3
   325 | D:1      | Gained mutation: You regenerate a little health from kills. [demonic ancestry]
   325 | D:1      | Reached XP level 2. HP: 19/22 MP: 5/5
   723 | D:1      | Reached skill level 3 in Polearms
  1166 | D:2      | Noticed Jessica
  1181 | D:2      | Reached XP level 3. HP: 19/27 MP: 6/6
  1200 | D:2      | Killed Jessica
  1289 | D:2      | Reached skill level 4 in Polearms
  1289 | D:2      | Reached XP level 4. HP: 28/33 MP: 7/7
  1359 | D:2      | Found a sparkling altar of Nemelex Xobeh.
  1510 | D:2      | Noticed Terence
  1962 | D:3      | Found a glowing drain.
  1966 | Sewer    | Entered a sewer
  1990 | Sewer    | Gained mutation: You regenerate health from kills. [demonic ancestry]
  1990 | Sewer    | Reached XP level 5. HP: 38/38 MP: 8/8
  2090 | Sewer    | Noticed Goblin1989's ghost (amateur DsAK)
  2140 | D:3      | Reached skill level 5 in Polearms
  2224 | D:3      | Learned a level 2 spell: Song of Slaying
  2508 | D:4      | Found a shadowy altar of Dithmenos.
  2508 | D:4      | Noticed an ogre
  2536 | D:4      | Iwannabefree: зря ты это
  2545 | D:4      | Iwannabefree: хоть бы инфуз включил
  2546 | D:4      | Goblin1989: уйду от него
  2946 | D:4      | Got a translucent leather armour
  2971 | D:3      | Identified the cursed +0 leather armour of Joy {rC+ MR- Int+3} (You found it on level 4 of the Dungeon)
  3054 | D:3      | Reached skill level 1 in Armour
  3127 | D:5      | Entered Level 5 of the Dungeon
  3149 | D:5      | Noticed Menkaure
  3158 | D:5      | Noticed Edmund
  3170 | D:5      | Slain by Menkaure

Action                   |  1- 3 |  4- 6 || total
-------------------------+-------+-------++-------
Melee: Spear             |   114 |   271 ||   385
 Cast: Infusion          |     1 |       ||     1
  Use: Scroll            |       |     7 ||     7
       Potion            |       |     2 ||     2
 Stab: Sleeping          |       |     2 ||     2
  Eat: Chunk             |     1 |     5 ||     6
       Royal jelly       |       |     1 ||     1

Vault maps used:
D:1:      saegor_arrival_fortress
D:2:      kennysheep_six_static_rooms, first_bread,
          nemelex_xobeh_ov_fountains_minmay, uniq_crazy_yiuf_cottage,
          uniq_jessica, uniq_terence
D:3:      gup_sewer_entry_bowl, minmay_bad_closet
D:4:      grunt_dithmenos_shadows
D:5:      kennysheep_mini_moat, lemuel_doored_altar, minmay_temple_entry_mist,
          uniq_edmund, uniq_sigmund, uniq_menkaure
Sewer:    sewer_co_tree
